 Dungeon Crawl Stone Soup version 0.23.2-1-ga50397a6bc (webtiles) character file.

Game seed: 931698698089675692

67059 Kinoniko the Thaumaturge (level 14, 106/106 HPs)
             Began as a Demonspawn Warper on Apr 4, 2019.
             Was a Priest of Makhleb.
             Quit the game on level 11 of the Dungeon on May 3, 2019.
             The game lasted 04:45:24 (36812 turns).

Kinoniko the Thaumaturge (Demonspawn Warper)       Turns: 36812, Time: 04:45:25

Health: 106/106    AC: 17    Str: 24    XL:     14   Next: 81%
Magic:  27/27      EV: 17    Int: 19    God:    Makhleb [***...]
Gold:   1059       SH: 10    Dex: 24    Spells: 8/32 levels left

rFire    x . .     SeeInvis .   S - +11 hand axe "Seziti" {chop, rElec}
rCold    + + .     Gourm    +   E - +3 buckler
rNeg     . . .     Faith    .   i - +3 scale mail {rC+}
rPois    +         Spirit   .   (helmet restricted)
rElec    +         Reflect  .   u - +0 cloak {+Inv}
rCorr    .         Harm     .   I - +2 pair of gloves
MR       +....     Rnd*Rage +   e - +0 pair of boots {run}
Stlth    ++........             D - amulet of the gourmand
HPRegen  0.27/turn              X - +5 ring of strength
MPRegen  0.20/turn              H - ring "Rowki" {Ice rPois Str+3 Int+3 Dex+4}

@: studying Charms, quick
A: horns 1, talons 1, thin skeletal structure 2, agile 1, berserk 1, powered by
pain 3, strong 1
a: Minor Destruction, Lesser Servant of Makhleb, Renounce Religion, Evoke
Invisibility


You were on level 11 of the Dungeon.
You worshipped Makhleb.
Makhleb was most pleased with you.
You were not hungry.

You visited 5 branches of the dungeon, and saw 24 of its levels.
You also visited: Gauntlet.

You collected 2369 gold pieces.
You spent 1310 gold pieces at shops.

Inventory:

Hand Weapons
 c - a +0 arbalest
 h - a +3 dagger of draining
 o - a +0 bardiche
 t - a +0 broad axe
 S - the +11 hand axe "Seziti" (weapon) {chop, rElec}
   (You found it on level 4 of the Lair of Beasts)

   It inflicts extra damage upon your enemies.
   It insulates you from electricity.
Armour
 e - a +0 pair of boots of running (worn)
 i - a +3 scale mail of cold resistance (worn)
 u - a +0 cloak of invisibility (worn)
 E - a +3 buckler (worn)
 I - a +2 pair of gloves (worn)
Magical Staves
 s - an uncursed staff of power
 R - an uncursed staff of wizardry
Jewellery
 b - an uncursed amulet of faith
 g - a +5 ring of intelligence
 p - an uncursed ring of see invisible
 C - a +4 ring of protection
 D - an amulet of the gourmand (around neck)
 H - the ring "Rowki" (right hand) {Ice rPois Str+3 Int+3 Dex+4}
   (You bought it in a shop on level 2 of the Orcish Mines)

   [ring of ice]

   It enhances your ice magic.
   It affects your strength (+3).
   It affects your intelligence (+3).
   It affects your dexterity (+4).
   It makes you vulnerable to fire.
   It protects you from cold.
   It protects you from poison.
 M - a +4 ring of strength
 O - an uncursed ring of resist corrosion
 X - a +5 ring of strength (left hand)
Wands
 a - a wand of paralysis (6)
 m - a wand of digging (15)
 q - a wand of flame (25)
 F - a wand of disintegration (23)
 P - a wand of scattershot (7)
 Y - a wand of polymorph (7)
Scrolls
 d - a scroll of blinking
 j - a scroll of identify
 k - 6 scrolls of teleportation
 n - a scroll of summoning
 r - 5 scrolls of fear
 x - a scroll of enchant weapon
 y - 3 scrolls of fog
 G - 2 scrolls of magic mapping
 J - 7 scrolls of remove curse
 U - 2 scrolls of amnesia
 V - a scroll of vulnerability
Potions
 w - 2 potions of mutation
 A - 3 potions of curing
 B - a potion of ambrosia
Books
 l - a manual of Charms
Miscellaneous
 Q - a fan of gales
 W - a lamp of fire
 Z - a crystal ball of energy
Comestibles
 f - 34 rations


   Skills:
 + Level 8.6 Fighting
 - Level 9.3(9.4) Short Blades
   Level 2.2(6.3) Long Blades
 * Level 6.1(6.3) Axes
 - Level 2.4(4.6) Polearms
 - Level 0.8 Throwing
 + Level 8.4 Armour
 + Level 8.0 Dodging
 + Level 8.5 Shields
 - Level 9.7 Spellcasting
 + Level 5.6 Charms
 + Level 2.5 Summonings
 + Level 5.3 Necromancy
 - Level 7.7 Translocations
 - Level 8.4 Invocations


You had 8 spell levels left.
You knew the following spells:

 Your Spells              Type           Power        Failure   Level  Hunger
a - Blink                 Tloc           N/A          1%          2    None
b - Shroud of Golubria    Chrm/Tloc      ####......   1%          2    None
c - Gell's Gravitas       Tloc           #####.....   1%          3    None
d - Lesser Beckoning      Tloc           #####.....   1%          3    None
e - Animate Skeleton      Necr           N/A          1%          1    None
f - Pain                  Necr           ####         1%          1    None
g - Regeneration          Chrm/Necr      ####......   4%          3    None
h - Call Imp              Summ           ###.....     9%          2    None
i - Teleport Other        Tloc           #####...     1%          3    None
j - Animate Dead          Necr           N/A          19%         4    ###....

Your spell library contained the following spells:

 Spells                   Type           Power        Failure   Level  Hunger
 Apportation              Tloc           #####.       1%          1    None
 Vampiric Draining        Necr           ####......   5%          3    None
 Summon Small Mammal      Summ           ###.         6%          1    None
 Passage of Golubria      Tloc           N/A          7%          4    ###....
 Confusing Touch          Hex            #.....       16%         1    None
 Magic Dart               Conj           #...         16%         1    None
 Sandblast                Erth           #.....       16%         1    None
 Passwall                 Tmut/Erth      #.......     24%         2    None
 Slow                     Hex            #.......     24%         2    None
 Conjure Flame            Conj/Fire      #.......     43%         3    None
 Mephitic Cloud           Conj/Pois/Air  #.......     43%         3    None
 Stone Arrow              Conj/Erth      #.....       43%         3    None
 Iskenderun's Battlesphe  Conj/Chrm      ###.....     80%         5    #####..
 Petrify                  Tmut/Erth      #.......     85%         4    ###....
 Bolt of Magma            Conj/Fire/Erth #.........   99%         5    #####..
 Lee's Rapid Deconstruct  Erth           #.........   99%         5    #####..
 Venom Bolt               Conj/Pois      #.........   99%         5    #####..
 Iron Shot                Conj/Erth      #.........   100%        6    ######.
 Orb of Destruction       Conj           #.........   100%        7    #######
 Spellforged Servitor     Conj/Summ      ##........   100%        7    #######


Dungeon Overview and Level Annotations

Branches:
Dungeon (14/15)            Temple (1/1) D:7            Lair (6/6) D:11
  Swamp (0/4) Lair:3       Spider (1/4) Lair:4        Slime (0/5) Lair:6
    Orc (2/2) D:10            Elf (0/3) Orc:2        Vaults (0/5) D:13

Altars:
Ashenzari
Cheibriados
Dithmenos
Elyvilon
Fedhas
Gozag
Hepliaklqana
Kikubaaqudgha
Makhleb
Nemelex Xobeh
Okawaru
Qazlal
Ru
Sif Muna
Trog
Uskayaw
Vehumet
Wu Jian
Xom
Yredelemnul
Zin
The Shining One

Shops:
D:4 !   D:6 !(!   D:11 [*:%:   Orc:2 ?*%

Annotations:
D:12 4 runed translucent doors


Innate Abilities, Weirdness & Mutations

You have a pair of small horns on your head.
You have a moderately thin skeletal structure. (Dex +4, Stealth+)
You are powered by pain.
You have sharp toenails.
You are agile. (Dex +2)
You tend to lose your temper in combat.
Your muscles are strong. (Str +2)


Message History

There is an entrance to Eheitz's Armour Shop here.
There is an open door here.
There is an open door here.
There is an open door here.
You can no longer hurl Makhleb's greater destruction.
There is a fountain of clear blue water here.
There is an entrance to Liedo's Assorted Antiques here.
There is a fountain of clear blue water here.
There is an open door here.
There is an open door here.
There is an open door here.
There is an entrance to Olehieq's Book Shoppe here.
There is an entrance to Sosk's Food Shoppe here.
Save game and exit?
Welcome back, Kinoniko the Demonspawn Warper.
Blood and souls for Makhleb!
Press ? for a list of commands and other information.
Quiver which item? (- for none, * to show all) (? for menu, Esc to quit)
Okay, then.
Are you sure you want to abandon this character and quit the game? (Confirm with "yes".)

................######≈≈≈.......#
......########......#####.......#
......# ###.##.# #.......#
......# #.##.#####.......#
......# #.##.....'.....[.#
......# #..#######.......#
..##### ##∩.∩# ####.####
.######### #....# #####..##
.........## ##.@.∩#####.......#
......##..####.......#.'.......#
.............#..#....'.#.......#
.................#...###.......#
^................#...# #.......#
..).<....#...........# #.......#
...........>......#+## #.......#
#####....#..........# #.......#
#...............# ###'#####


There were no monsters in sight!

Vanquished Creatures
  A fire dragon (Lair:5)
  3 ogre magi
  2 catoblepae
  A hydra (Lair:6)
  A vault guard (D:13)
  11 two-headed ogres
  Erica (D:8)
  3 death yaks (D:11)
  An orc high priest (Orc:2)
  5 slime creatures
  A skeletal warrior (D:12)
  A swamp dragon (Lair:6)
  4 unseen horrors
  A lindwurm (Lair:6)
  An orc knight (D:10)
  An orc sorcerer (Orc:1)
  An ugly thing (D:11)
  A cyclops (D:13)
  A wolf spider (Spider:1)
  Maurice (D:10)
  A black mamba (Lair:4)
  A torpor snail (Lair:6)
  8 spiny frogs
  A kobold demonologist (D:12)
  A centaur skeleton (D:12)
  5 komodo dragons
  A polar bear (Lair:3)
  5 trolls
  A hornet (D:9)
  25 blink frogs
  11 hippogriffs
  32 yaks
  A shadow (D:13)
  A spriggan (Lair:3)
  A wyvern (D:12)
  4 hogs (D:7)
  9 humans
  A wraith (D:12)
  A tarantella (shapeshifter) (D:13)
  3 basilisks
  3 hungry ghosts
  6 vampire mosquitoes (D:13)
  3 wargs
  8 water moccasins
  12 porcupines
  11 orc warriors
  2 black bears
  3 sky beasts
  6 ice beasts
  A necrophage (D:9)
  A phantom (D:13)
  28 ogres
  6 wolves
  6 centaurs
  3 crocodiles
  4 big kobolds
  13 bullfrogs
  A wyvern zombie (D:9)
  3 scorpions
  5 wights (D:12)
  2 electric eels
  3 howler monkeys
  6 crimson imps
  3 bullfrog zombies
  13 jellies
  3 hounds
  A quasit (D:7)
  11 orc wizards
  7 orc priests
  3 iguanas
  3 bullfrog skeletons
  9 worker ants
  2 hell rats (D:11)
  3 hound skeletons
  6 gnolls (D:13)
  10 adders
  A river rat (D:11)
  4 shadow imps
  13 oozes
  An adder skeleton (D:7)
  A worm (D:3)
  A dart slug (D:1)
  8 leopard geckos
  56 orcs
  8 giant cockroaches
  10 goblins
  9 hobgoblins
  10 jackals
  22 kobolds
  8 quokkas
  8 bats
  8 frilled lizards
  A leopard gecko skeleton (D:5)
  A leopard gecko zombie (D:2)
  11 rats
  A fungus (Lair:6)
547 creatures vanquished.

Vanquished Creatures (collateral kills)
  An orc warlord (Orc:1)
  5 hydras
  A vault guard (D:13)
  An ogre mage (Orc:2)
  5 two-headed ogres
  An orc knight (Orc:1)
  2 lindwurms (Lair:6)
  2 manticores (Lair:6)
  A deep elf mage (D:12)
  An ugly thing (D:13)
  An orb spider (Spider:1)
  2 black mambas
  2 spiny frogs (Lair:4)
  3 komodo dragons
  3 rime drakes (Lair:6)
  A troll (Orc:1)
  7 dream sheep
  A hippogriff (Lair:2)
  4 blink frogs
  2 yaks (Lair:5)
  A steam dragon (Lair:6)
  3 basilisks
  A human (D:13)
  3 acid dragons (Lair:6)
  4 water moccasins
  A swamp drake (Lair:6)
  2 porcupines (Lair:4)
  3 orc warriors
  An eye of draining (D:10)
  An ice beast (D:13)
  10 ogres
  7 wolves
  A centaur (D:13)
  4 crocodiles
  2 bullfrogs
  An electric eel (D:9)
  A howler monkey (D:10)
  A hound (D:10)
  An orc priest (Orc:1)
  3 orc wizards
  An iguana (Lair:3)
  A hell rat (Lair:6)
  16 orcs
  4 kobolds (D:10)
  6 fungi
  3 plants
128 creatures vanquished.

Vanquished Creatures (others)
  A human (D:13)
  A wolf (Lair:6)
  An orc (Orc:1)
  4 fungi
  4 plants
11 creatures vanquished.

Grand Total: 686 creatures vanquished

Notes
Turn   | Place    | Note
-------+----------+-------------------------------------------
     0 | D:1      | Kinoniko the Demonspawn Warper began the quest for the Orb.
     0 | D:1      | Reached XP level 1. HP: 16/16 MP: 3/3
   285 | D:1      | Reached skill level 1 in Armour
   286 | D:1      | Gained mutation: You sometimes gain a little power by
                  | taking damage. [demonic ancestry]
   286 | D:1      | Reached XP level 2. HP: 7/23 MP: 5/5
   601 | D:1      | Learned a level 2 spell: Blink
   604 | D:1      | Learned a level 2 spell: Shroud of Golubria
  1222 | D:1      | Reached XP level 3. HP: 22/28 MP: 6/6
  2117 | D:2      | Gained mutation: You have a somewhat thin skeletal
                  | structure. (Dex +2, Stealth) [demonic ancestry]
  2117 | D:2      | Reached XP level 4. HP: 33/34 MP: 3/7
  2218 | D:2      | Found a shimmering altar of Xom.
  3041 | D:3      | Reached skill level 1 in Short Blades
  3083 | D:3      | Reached XP level 5. HP: 36/40 MP: 8/8
  3612 | D:3      | Reached skill level 1 in Shields
  3899 | D:4      | Found Ifus's Distillery.
  3903 | D:4      | Bought a potion of berserk rage for 50 gold pieces
  3903 | D:4      | Bought a potion of curing for 30 gold pieces
  3903 | D:4      | Bought a potion of agility for 40 gold pieces
  3948 | D:4      | Noticed an ogre
  3988 | D:4      | Killed an ogre
  3988 | D:4      | Reached XP level 6. HP: 15/47 MP: 8/10
  4631 | D:4      | Learned a level 3 spell: Gell's Gravitas
  4653 | D:5      | Entered Level 5 of the Dungeon
  5697 | D:5      | Noticed an ice beast
  5711 | D:5      | Killed an ice beast
  6020 | D:6      | Found Zeujaen's Distillery.
  6179 | D:6      | Found Reycwu's Weapon Boutique.
  6626 | D:6      | Reached XP level 7. HP: 45/52 MP: 9/11
  6660 | D:6      | Found Did Egae's Distillery.
  6668 | D:6      | Bought a potion of mutation for 120 gold pieces
  6668 | D:6      | Gained mutation: You occasionally shout uncontrollably at
                  | your foes. [potion of mutation]
  6668 | D:6      | Gained mutation: You have sharp fingernails. [potion of
                  | mutation]
  6668 | D:6      | Gained mutation: You are resistant to hostile enchantments.
                  | (MR+) [potion of mutation]
  7292 | D:6      | Reached skill level 1 in Polearms
  7765 | D:7      | Noticed a hippogriff
  7783 | D:7      | Killed a hippogriff
  7783 | D:7      | Gained mutation: You sometimes gain power by taking damage.
                  | [demonic ancestry]
  7783 | D:7      | Reached XP level 8. HP: 30/60 MP: 10/12
  8009 | D:7      | Found an iron altar of Okawaru.
  9063 | D:7      | Gained mutation: You have a pair of small horns on your
                  | head. [demonic ancestry]
  9063 | D:7      | Reached XP level 9. HP: 22/65 MP: 14/14
  9507 | D:7      | Found a staircase to the Ecumenical Temple.
  9513 | D:7      | Reached skill level 5 in Short Blades
  9521 | Temple   | Entered the Ecumenical Temple
  9649 | Temple   | Became a worshipper of Makhleb the Destroyer
  9868 | D:8      | Lost mutation: You have sharp fingernails. [potion of
                  | mutation]
  9868 | D:8      | Lost mutation: You occasionally shout uncontrollably at
                  | your foes. [potion of mutation]
  9868 | D:8      | Gained mutation: You have large cloven feet. [potion of
                  | mutation]
  9868 | D:8      | Gained mutation: Your flesh is cold resistant. (rC+)
                  | [potion of mutation]
  9998 | D:8      | Noticed Erica
 10024 | D:8      | Killed Erica
 10024 | D:8      | Reached skill level 1 in Invocations
 10374 | D:8      | Reached skill level 5 in Dodging
 10393 | D:8      | Reached skill level 5 in Translocations
 10393 | D:8      | Gained mutation: You have a moderately thin skeletal
                  | structure. (Dex +4, Stealth+) [demonic ancestry]
 10393 | D:8      | Reached XP level 10. HP: 37/73 MP: 14/17
 10462 | D:8      | Killed an unseen horror
 10462 | D:8      | Reached skill level 5 in Armour
 10571 | D:8      | Learned a level 3 spell: Lesser Beckoning
 10668 | D:8      | Learned a level 1 spell: Animate Skeleton
 10909 | D:9      | Reached skill level 5 in Fighting
 11362 | D:9      | Reached * piety under Makhleb
 11369 | D:9      | Reached skill level 5 in Spellcasting
 11833 | D:9      | Reached skill level 1 in Necromancy
 12870 | D:10     | Entered Level 10 of the Dungeon
 13030 | D:10     | Found a staircase to the Orcish Mines.
 13381 | D:10     | Reached ** piety under Makhleb
 13437 | D:10     | Reached skill level 5 in Shields
 13467 | D:10     | Noticed a two-headed ogre
 13489 | D:10     | Killed a two-headed ogre
 13489 | D:10     | Gained mutation: You are powered by pain. [demonic
                  | ancestry]
 13489 | D:10     | Reached XP level 11. HP: 37/80 MP: 19/19
 13683 | D:10     | Noticed a two-headed ogre
 13695 | D:10     | Killed a two-headed ogre
 14408 | D:11     | Found Sosk's Food Shoppe.
 14414 | D:11     | Noticed a death yak
 14416 | D:11     | Noticed a death yak
 14430 | D:11     | Noticed a death yak
 14514 | D:11     | Killed a death yak
 14551 | D:11     | Killed a death yak
 14557 | D:11     | Killed a death yak
 14557 | D:11     | Reached skill level 5 in Invocations
 14633 | D:11     | Found a staircase to the Lair.
 14755 | D:11     | Found Olehieq's Book Shoppe.
 14760 | D:11     | Bought a book of Necromancy for 420 gold pieces
 14762 | D:11     | Learned a level 1 spell: Pain
 14832 | D:11     | Found a gate leading to a gauntlet.
 14844 | Gauntlet | Entered a Gauntlet
 14844 | Gauntlet | Found a transporter.
 14847 | Gauntlet | Found a transporter.
 14848 | Gauntlet | Noticed a death yak
 14849 | Gauntlet | Noticed a death yak
 14849 | Gauntlet | Noticed a death yak
 14849 | Gauntlet | Noticed a death yak
 14861 | Gauntlet | Found a runed translucent door.
 14861 | Gauntlet | Noticed a six-headed hydra
 14863 | Gauntlet | Found a transporter.
 14865 | Gauntlet | Found a transporter.
 14868 | Gauntlet | Found a transporter.
 14869 | Gauntlet | Found a transporter.
 14870 | Gauntlet | Found a transporter.
 14877 | Gauntlet | Noticed a death ooze
 14878 | Gauntlet | Found a transporter.
 14878 | Gauntlet | Noticed a blizzard demon
 14885 | Gauntlet | Found a transporter.
 14911 | Gauntlet | Found a runed translucent door.
 14945 | Gauntlet | Found a runed translucent door.
 14959 | Gauntlet | Found a transporter.
 14961 | Gauntlet | Found a transporter.
 14970 | Gauntlet | Noticed an obsidian statue
 14975 | Gauntlet | Found a transporter.
 15284 | D:11     | Found Eheitz's Armour Shop.
 15393 | D:11     | Noticed a purple ugly thing
 15394 | D:11     | Found Hoqofedi's Book Boutique.
 15420 | D:11     | Killed a purple ugly thing
 15477 | D:11     | Lost mutation: Your flesh is cold resistant. (rC+) [potion
                  | of mutation]
 15477 | D:11     | Lost mutation: You are resistant to hostile enchantments.
                  | (MR+) [potion of mutation]
 15477 | D:11     | Gained mutation: Your magical capacity is low. (-10% MP)
                  | [potion of mutation]
 15477 | D:11     | Gained mutation: You are agile. (Dex +2) [potion of
                  | mutation]
 15549 | D:11     | Found Liedo's Assorted Antiques.
 15845 | D:12     | Identified a scroll of acquirement
 15893 | D:12     | Found a huge runed translucent gate.
 15896 | D:12     | Noticed a death yak
 15910 | D:12     | Reached *** piety under Makhleb
 15911 | D:12     | Found a huge runed translucent gate.
 15911 | D:12     | Found a huge runed translucent gate.
 15911 | D:12     | Found a huge runed translucent gate.
 16168 | D:12     | Noticed an unseen horror
 16186 | D:12     | Killed an unseen horror
 16215 | D:12     | Noticed a deep elf mage
 16274 | D:12     | Killed a deep elf mage
 16844 | D:12     | Reached XP level 12. HP: 89/89 MP: 18/20
 17381 | D:13     | Found a flagged portal.
 18295 | D:13     | Noticed a vault guard
 18377 | D:13     | Killed a vault guard
 18425 | D:13     | Noticed a vault guard
 18442 | D:13     | Killed a vault guard
 18456 | D:13     | Found a gate to the Vaults.
 18713 | D:13     | Reached **** piety under Makhleb
 19286 | Lair:1   | Entered Level 1 of the Lair of Beasts
 20057 | Lair:1   | Lost mutation: You have large cloven feet. [potion of
                  | mutation]
 20057 | Lair:1   | Lost mutation: Your magical capacity is low. (-10% MP)
                  | [potion of mutation]
 20057 | Lair:1   | Gained mutation: You have sharp toenails. [potion of
                  | mutation]
 20057 | Lair:1   | Gained mutation: You tend to lose your temper in combat.
                  | [potion of mutation]
 20057 | Lair:1   | Gained mutation: Your muscles are strong. (Str +2) [potion
                  | of mutation]
 20410 | Lair:2   | Reached XP level 13. HP: 96/96 MP: 23/25
 20576 | Lair:2   | Reached ***** piety under Makhleb
 22120 | Lair:3   | Found a staircase to the Swamp.
 23207 | Lair:4   | Learned a level 3 spell: Regeneration
 23217 | Lair:4   | Found a hole to the Spider Nest.
 23508 | Lair:4   | Got a bloodstained hand axe
 23509 | Lair:4   | Identified the +11 hand axe "Seziti" {chop, rElec} (You
                  | found it on level 4 of the Lair of Beasts)
 23563 | Lair:4   | Reached skill level 1 in Charms
 24408 | Lair:5   | Reached skill level 1 in Axes
 24823 | Lair:5   | Learned a level 2 spell: Call Imp
 25606 | Lair:6   | Entered Level 6 of the Lair of Beasts
 25763 | Lair:6   | Found a staircase to the Slime Pits.
 26162 | Lair:6   | Reached skill level 1 in Summonings
 26371 | Lair:6   | Reached XP level 14. HP: 90/105 MP: 24/27
 26617 | Lair:6   | HP: 5/105 [fire dragon/blast of flame (40)]
 27992 | Lair:6   | Found a shadowy altar of Dithmenos.
 28509 | D:11     | Bought a pair of glowing boots for 195 gold pieces
 28509 | D:11     | Bought a glowing scale mail for 182 gold pieces
 28514 | D:11     | Identified a +0 pair of boots of running (You bought it in
                  | a shop on level 11 of the Dungeon)
 29157 | Orc:1    | Entered Level 1 of the Orcish Mines
 29157 | Orc:1    | Noticed Maurice
 29566 | D:10     | Killed Maurice
 30127 | Orc:2    | Entered Level 2 of the Orcish Mines
 30187 | Orc:2    | Noticed an orc warlord
 30247 | Orc:1    | Killed an orc warlord
 30655 | Orc:1    | Learned a level 3 spell: Teleport Other
 30756 | Orc:2    | Paralysed by an orc sorcerer for 2 turns
 31707 | Orc:2    | Found a staircase to the Elven Halls.
 31905 | Orc:1    | Reached skill level 5 in Axes
 32121 | Orc:1    | Reached skill level 5 in Charms
 32579 | Orc:2    | Reached skill level 5 in Necromancy
 32597 | Orc:2    | Found Jirud's General Store.
 32597 | Orc:2    | Found Nobyel's Assorted Antiques.
 32598 | Orc:2    | Found Wyehaph's Food Emporium.
 32598 | Orc:2    | Found Cewaxije's Magic Scroll Boutique.
 32648 | Orc:2    | Bought a scroll of identify for 48 gold pieces
 32648 | Orc:2    | Bought a translucent wooden ring for 120 gold pieces
 32648 | Orc:2    | Identified the ring "Rowki" {Ice rPois Str+3 Int+3 Dex+4}
                  | (You bought it in a shop on level 2 of the Orcish Mines)
 32743 | Orc:2    | Bought a scroll of enchant weapon for 105 gold pieces
 34846 | Spider:1 | Entered Level 1 of the Spider Nest
 34936 | Spider:1 | Learned a level 4 spell: Animate Dead
 36812 | D:11     | Upgraded the game from 0.23.2 to 0.23.2-1-ga50397a6bc
 36812 | D:11     | Quit the game

Skill      XL: |  1  2  3  4  5  6  7  8  9 10 11 12 13 14 |
---------------+-------------------------------------------+-----
Armour         | 1 2 3 4 5 6 7 8 |  8.4
Long Blades    | 2 |  2.2
Dodging        | 2 3 4 5 6 7 8 |  8.0
Short Blades   | 1 2 4 6 7 8 9 |  9.3
Fighting       | 3 4 5 6 7 8 |  8.6
Shields        | 1 2 3 4 5 6 7 8 |  8.5
Translocations | 3 4 5 6 7 |  7.7
Spellcasting   | 3 4 5 7 8 9 |  9.7
Polearms       | 2 |  2.4
Invocations    | 2 4 5 7 8 |  8.4
Necromancy     | 1 2 3 5 |  5.3
Charms         | 3 5 |  5.6
Axes           | 1 6 |  6.1
Summonings     | 1 2 |  2.5
Throwing       | |  0.8

Action                   |  1- 3 |  4- 6 |  7- 9 | 10-12 | 13-15 || total
-------------------------+-------+-------+-------+-------+-------++-------
Melee: Falchion          |    39 |       |       |       |       ||    39
       Dagger            |    85 |   371 |   883 |  1373 |   767 ||  3479
       Glaive            |       |       |    53 |       |       ||    53
       Headbutt          |       |       |    35 |   416 |   366 ||   817
       Kick              |       |       |    29 |   645 |   323 ||   997
       Hand axe          |       |       |       |       |   196 ||   196
 Cast: Blink             |     3 |     2 |     6 |     3 |    31 ||    45
       Shroud of Golubri |     2 |     4 |     7 |   112 |   158 ||   283
       Gell's Gravitas   |       |       |     1 |     2 |       ||     3
       Animate Skeleton  |       |       |       |    83 |   120 ||   203
       Pain              |       |       |       |     1 |     2 ||     3
       Regeneration      |       |       |       |       |    75 ||    75
       Call Imp          |       |       |       |       |    50 ||    50
       Animate Dead      |       |       |       |       |     1 ||     1
       Lesser Beckoning  |       |       |       |       |     1 ||     1
Invok: Minor Destruction |       |       |       |     6 |       ||     6
       Lesser Servant of |       |       |       |     6 |    54 ||    60
 Abil: Evoke Invisibilit |       |       |       |       |     2 ||     2
Evoke: Wand              |       |       |       |       |     7 ||     7
  Use: Scroll            |     3 |    13 |     5 |    12 |    11 ||    44
       Potion            |       |     1 |    10 |    18 |     9 ||    38
 Stab: Sleeping          |       |     2 |     2 |     3 |     2 ||     9
       Distracted        |       |       |       |     4 |    11 ||    15
       Invisible         |       |       |       |       |     7 ||     7
  Eat: Ration            |     2 |     4 |     4 |     6 |     1 ||    17
       Chunk             |       |       |     1 |    25 |    43 ||    69
Armor: Leather armour    |    12 |       |       |       |       ||    12
       Ring mail         |    27 |    93 |   352 |   264 |   109 ||   845
       Scale mail        |       |       |       |       |    74 ||    74
Dodge: Dodged            |    73 |   139 |   503 |   571 |   531 ||  1817
Block: Buckler           |    10 |    54 |   164 |   399 |   393 ||  1020
       Rpst.: Falchion   |    10 |       |       |       |       ||    10
